 Dungeon Crawl Stone Soup version 0.30-a0-219-gf2db51d15e (webtiles) character file.

Game seed: 4458353669439706346

74 KennySheep the Insei (level 4, -7/33 HPs)
             Began as a Barachi Transmuter on Oct 8, 2022.
             Mangled by Terence
             ... wielding a +3 flail
              (8 damage)
             ... on level 2 of the Dungeon.
             The game lasted 00:03:50 (1166 turns).

KennySheep the Insei (Barachi Transmuter)           Turns: 1166, Time: 00:03:51

Health: -7/33      AC:  2    Str: 11    XL:     4   Next: 28%
Magic:  5/7        EV: 12    Int: 16    God:
Gold:   57         SH:  0    Dex: 12    Spells: 0/7 levels left

rFire   . . .      SeeInvis .      - Unarmed
rCold   . . .      Faith    +    (no shield)
rNeg    . . .      Spirit   .    a - +0 robe
rPois   .          Reflect  .    (helmet currently unavailable)
rElec   .          Harm     .    (no cloak)
rCorr   +          Rampage  .    (no gloves)
Will    .....                    (boots currently unavailable)
Stlth   +.........               g - amulet of faith
HPRegen 0.25/turn                j - ring of resist corrosion
MPRegen 0.10/turn                (no ring)

@: appendages (expiring), wereblooded, slow
A: horns 2, talons 2, amphibious, slowness 1, strong legs 1, +LOS
a: Hop, End Transformation


You were on level 2 of the Dungeon.
You had temporarily grown beastly horns and talons.
You visited 1 branch of the dungeon, and saw 2 of its levels.

You collected 57 gold pieces.

Inventory:

Armour
 a - a +0 robe (worn)
Jewellery
 g - an amulet of faith (around neck)
 j - a ring of resist corrosion (left hand)
Scrolls
 c - a scroll of butterflies {unknown}
 h - a scroll of noise {unknown}
 i - a scroll of identify {unknown}
 k - a scroll of blinking {unknown}
Potions
 b - a potion of lignification
 d - a potion of brilliance {unknown}
 e - a potion of flight {unknown}
 f - a potion of ambrosia {unknown}


   Skills:
 + Level 2.1 Fighting
 - Level 2.1 Dodging
 + Level 3.6 Unarmed Combat
 + Level 2.4 Spellcasting
 * Level 3.1 Transmutations
 * Level 2.5 Ice Magic


You couldn't memorise any spells.
You knew the following spells:

 Your Spells              Type           Power      Damage    Failure   Level
a - Beastly Appendage     Tmut           24%        N/A       5%          1
b - Wereblood             Tmut           12%        N/A       9%          2
c - Ice Form              Ice/Tmut       11%        N/A       52%         4

Your spell library contained the following spells:

 Spells                   Type           Power      Damage    Failure   Level
 Summon Small Mammal      Summ           4%         N/A       21%         1
 Spider Form              Tmut/Pois      7%         N/A       30%         3
 Call Canine Familiar     Summ           1%         N/A       52%         3
 Summon Guardian Golem    Hex/Summ       1%         N/A       52%         3


Dungeon Overview and Level Annotations

Branches:
Dungeon (2/15)

Altars:

Annotations:
D:2 Terence


Innate Abilities, Weirdness & Mutations

You have temporarily grown beastly horns and talons.
You are amphibious.
You cover ground slowly.
You can hop short distances.
You have an extended range of vision and can be seen from far away.


Message History

Terence is wielding a +3 flail and wearing a +1 scale mail of fire resistance.
Found a stone staircase leading down.
Found a cloak.
Terence shouts!
The endoplasm quivers.
The dart slug launches a dart at you. The slug dart hits you.
The endoplasm jiggles.
The dart slug launches a dart at you. The slug dart hits you.
Terence screams, "I want your blood!"
Casting: Beastly Appendage (safe; 5% risk of failure)
Confirm with . or Enter, or press ? or * to list all spells.
Your blood is infused with primal strength.
Casting: Wereblood (safe; 9% risk of failure)
Confirm with . or Enter, or press ? or * to list all spells.
You grow a pair of large bovine horns.
Your feet morph into talons.
You hit the endoplasm.
You claw the endoplasm, but do no damage.
The endoplasm is moderately wounded.
The endoplasm barely misses you.
You hit the endoplasm.
You feel a bit better.
You kill the endoplasm!
You barely miss Terence. You claw Terence, but do no damage.
Terence hits you with a +3 flail!
You hit Terence but do no damage. Terence closely misses you.
You closely miss Terence. Terence closely misses you.
You hit Terence but do no damage. You claw Terence, but do no damage.
Terence closely misses you.
You barely miss Terence. You claw Terence, but do no damage.
Terence hits you with a +3 flail! Terence attacks as you move away!
Terence misses you.
You howl as the wereblood boils in your veins!
You hit Terence but do no damage. Terence hits you with a +3 flail.
* * * LOW HITPOINT WARNING * * *
Terence attacks as you move away! Terence hits you with a +3 flail.
* * * LOW HITPOINT WARNING * * *
Your transformation is almost over.
You hit Terence but do no damage. Terence hits you with a +3 flail!
You die...

# #### ########..#.....##..... #>
... ..........#....#$(#....
#..###.#########.....#..#....#..#
...............#.....#.#......#.#
...............#......#........#
...............w.......##†...# .
...............#.........####...#
...!...........#@.............# #
...............#@........#####...
...............#.........#
....!?......####.........# .
.............###.........# ..
##.......................#####...
#...............................
#..............#########........
..[............#### #........
..........†..## #........


You could see Terence and a dart slug.

Vanquished Creatures
  2 adders (D:2)
  3 dart slugs
  7 endoplasms
  2 giant cockroaches (D:2)
  2 goblins (D:1)
  2 hobgoblins (D:1)
  8 jackals
  2 quokkas (D:1)
  5 ball pythons
  5 bats
  3 kobolds
  4 rats
45 creatures vanquished.

Notes
Turn   | Place    | Note
-------+----------+-------------------------------------------
     0 | D:1      | KennySheep the Barachi Transmuter began the quest for the
                  | Orb.
     0 | D:1      | Reached XP level 1. HP: 15/15 MP: 3/3
    45 | D:1      | Reached skill level 1 in Ice Magic
    45 | D:1      | Reached XP level 2. HP: 6/21 MP: 5/5
   114 | D:1      | Learned a level 2 spell: Wereblood
   371 | D:1      | Reached XP level 3. HP: 24/27 MP: 6/6
  1019 | D:2      | Reached XP level 4. HP: 29/33 MP: 7/7
  1024 | D:2      | Learned a level 4 spell: Ice Form
  1144 | D:2      | Noticed Terence
  1165 | D:2      | HP: 1/33 [Terence/+3 flail (5)]
  1166 | D:2      | Mangled by Terence

Illustrated notes

Levels and vault maps discovered:
D:1:      psy_arrival_radial02, layout_rooms
D:2:      layout_basic, basic_altar, minmay_circled_x, uniq_terence

Skill      XL: |  1  2  3 |
---------------+----------+-----
Ice Magic      | 1 2 |  2.5
Fighting       | 2 |  2.1
Transmutations | 3 |  3.1
Dodging        | |  2.1
Unarmed Combat | |  3.6
Spellcasting   | |  2.4

Action                   |  1- 3 |  4- 6 || total
-------------------------+-------+-------++-------
Melee: Unarmed           |   137 |    19 ||   156
       Kick              |     3 |     5 ||     8
       Punch             |     5 |       ||     5
 Cast: Beastly Appendage |     2 |     2 ||     4
       Wereblood         |       |     2 ||     2
Armor: Robe              |    35 |     1 ||    36
Dodge: Dodged            |    92 |     8 ||   100

Table legend: (Time is in decaauts)
 A = Elapsed time spent in this place.
 B = Non-inter-level travel time spent in this place.
 C = Inter-level travel time spent in this place.
 D = Time resting spent in this place.
 E = Time spent auto-exploring this place.
 F = Levels seen in this place.
 G = Mean time per level.
                   A        B        C        D        E       F      G
               +--------+--------+--------+--------+--------+-----+--------+
         Total |   1295 |   1255 |     40 |     66 |    862 |   2 |  647.5 |
       Dungeon |   1295 |   1255 |     40 |     66 |    862 |   2 |  647.5 |
               +--------+--------+--------+--------+--------+-----+--------+

Top non-repeatable levels by time:
     D:1: 844 daAuts
     D:2: 451 daAuts
